SL
MISSISSIPPI BRAVES @ JACKSON GENERALS
09/21/2080
 
TOP OF THE 1ST
Mississippi Braves batting - Pitching for Jackson Generals : RHP Alex Martinez
Pitching: RHP Alex Martinez
Batting: RHB Jose Romero 0-0: Bunt for hit to 5S - play at first, batter safe!
Batting: LHB Matt Rogacki 0-0: Swinging Strike
0-1: Foul Ball, location: 2F
0-2: Ball
1-2: Foul Ball, location: 2F
1-2: Fly out, F7 (Flyball, 78S, EV 92.5 MPH)
Batting: RHB Andres Nuno 0-0: Ball
1-0: Called Strike
Jose Romero is caught stealing 2nd base 2-4
1-1: Foul Ball, location: 2F
1-2: SINGLE (Line Drive, 3D, EV 99.4 MPH)
Batting: LHB Jose Yanez 0-0: Ball
1-0: Called Strike
1-1: Ground out 4-3 (Groundball, 4S, EV 68.8 MPH)
Top of the 1st over - 0 runs, 2 hits, 0 errors, 1 left on base; Mississippi 0 - Jackson 0
BOTTOM OF THE 1ST
Jackson Generals batting - Pitching for Mississippi Braves : RHP Jon Klecker
Pitching: RHP Jon Klecker
Batting: RHB Dylan Ventour 0-0: Bunt missed!
0-1: Ball
1-1: Fly out, F4 (Popup, 13S, EV 41.2 MPH)
Batting: LHB Jason Judy 0-0: Called Strike
0-1: SINGLE (Groundball, 5D, EV 101.2 MPH)
Batting: LHB Alberto Ramirez 0-0: Called Strike
0-1: Ball
1-1: Foul Ball, location: 2F
1-2: Foul Ball, location: 2F
1-2: Foul Ball, location: 2F
1-2: Strikes out looking
Batting: RHB Kyle Cooper 0-0: Called Strike
0-1: Called Strike
Jason Judy is caught stealing 2nd base 2-4
Bottom of the 1st over - 0 runs, 1 hit, 0 errors, 0 left on base; Mississippi 0 - Jackson 0
TOP OF THE 2ND
Mississippi Braves batting - Pitching for Jackson Generals : RHP Alex Martinez
Batting: RHB Ben Ketrow 0-0: Swinging Strike
0-1: Swinging Strike
0-2: Foul Ball, location: 2F
0-2: Ball
1-2: Foul Ball, location: 2F
1-2: Ball
2-2: Ball
3-2: Strikes out swinging
Batting: LHB Danny Amaya 0-0: Ball
1-0: Swinging Strike
1-1: Ball
2-1: Foul Ball, location: 2F
2-2: Strikes out swinging
Batting: RHB Heath Hacker 0-0: Swinging Strike
0-1: Ball
1-1: Called Strike
1-2: Ball
2-2: Strikes out looking
Top of the 2nd over - 0 runs, 0 hits, 0 errors, 0 left on base; Mississippi 0 - Jackson 0
BOTTOM OF THE 2ND
Jackson Generals batting - Pitching for Mississippi Braves : RHP Jon Klecker
Batting: RHB Kyle Cooper 0-0: Called Strike
0-1: Foul Ball, location: 2F
0-2: Strikes out swinging
Batting: LHB Will Andrews 0-0: Called Strike
0-1: Ball
1-1: Foul Ball, location: 2F
1-2: Foul Ball, location: 2F
1-2: Ball
2-2: Ball
3-2: Fly out, F9 (Flyball, 9LS, EV 91.2 MPH)
Batting: SHB Alex Vargas 0-0: Ball
1-0: Ball
2-0: Called Strike
2-1: Foul Ball, location: 2F
2-2: Fly out, F8 (Flyball, 8RD, EV 91.2 MPH)
Bottom of the 2nd over - 0 runs, 0 hits, 0 errors, 0 left on base; Mississippi 0 - Jackson 0
TOP OF THE 3RD
Mississippi Braves batting - Pitching for Jackson Generals : RHP Alex Martinez
Batting: RHB Mark Zoss 0-0: Ball
1-0: Called Strike
1-1: Ball
2-1: Fly out, F4 (Popup, 4M, EV 58.8 MPH)
Batting: RHB Santos Cervantes 0-0: Ground out 4-3 (Groundball, 4, EV 81.2 MPH)
Batting: RHB Jose Romero 0-0: Ball
1-0: Swinging Strike
1-1: Foul Ball, location: 2F
1-2: Ball
2-2: Strikes out looking
Top of the 3rd over - 0 runs, 0 hits, 0 errors, 0 left on base; Mississippi 0 - Jackson 0
BOTTOM OF THE 3RD
Jackson Generals batting - Pitching for Mississippi Braves : RHP Jon Klecker
Batting: LHB Ricky Alonzo 0-0: SOLO HOME RUN (Line Drive, 89XD, EV 116.2 MPH), Distance : 440 ft
Batting: RHB Francisco Ortiz 0-0: Ball
1-0: Fly out, F9 (Flyball, 9, EV 97.5 MPH)
Batting: LHB Danny Schaffer 0-0: Ball
1-0: Foul Ball, location: 2F
1-1: Ball
2-1: SINGLE (Groundball, 6S, EV 70.0 MPH) (infield hit)
Batting: RHB Dylan Ventour 0-0: Ball
1-0: Fly out, F8 (Line Drive, 8RD, EV 96.9 MPH)
Batting: LHB Jason Judy 0-0: Ball
1-0: DOUBLE (Groundball, 3L, EV 96.2 MPH)
Danny Schaffer to third
Runner from 3rd tries for Home, SAFE, throw by RF to home
Batting: LHB Alberto Ramirez 0-0: Ball
1-0: Ball
2-0: Called Strike
2-1: Called Strike
2-2: Strikes out looking
Bottom of the 3rd over - 2 runs, 3 hits, 0 errors, 1 left on base; Mississippi 0 - Jackson 2
TOP OF THE 4TH
Mississippi Braves batting - Pitching for Jackson Generals : RHP Alex Martinez
Batting: LHB Matt Rogacki 0-0: Called Strike
0-1: Called Strike
0-2: Strikes out swinging
Batting: RHB Andres Nuno 0-0: Ball
1-0: Ball
2-0: SINGLE (Line Drive, 6D, EV 105.6 MPH)
Batting: LHB Jose Yanez 0-0: Swinging Strike
0-1: Foul Ball, location: 2F
0-2: Ball
Wild Pitch!
Andres Nuno to second
1-2: Strikes out swinging
Batting: RHB Ben Ketrow 0-0: Called Strike
0-1: Foul Ball, location: 2F
0-2: Ball
1-2: Ball
2-2: Ground out U3 (Groundball, 34, EV 83.8 MPH)
Top of the 4th over - 0 runs, 1 hit, 0 errors, 1 left on base; Mississippi 0 - Jackson 2
BOTTOM OF THE 4TH
Jackson Generals batting - Pitching for Mississippi Braves : RHP Jon Klecker
Batting: RHB Kyle Cooper 0-0: Foul Ball, location: 2F
0-1: Foul Ball, location: 2F
0-2: Ball
1-2: Ball
2-2: Ball
3-2: Base on Balls
Batting: LHB Will Andrews 0-0: Ball
1-0: Swinging Strike
1-1: Called Strike
1-2: Foul Ball, location: 2F
1-2: Strikes out swinging
Batting: SHB Alex Vargas 0-0: Fielders Choice at 2nd, 5-4 (Groundball, 56, EV 109.4 MPH)
Batting: LHB Ricky Alonzo 0-0: Ball
1-0: Called Strike
1-1: Called Strike
1-2: Ball
2-2: SINGLE (Groundball, 4MD, EV 103.1 MPH)
Alex Vargas to second
Batting: RHB Francisco Ortiz 0-0: Ball
1-0: Ball
2-0: Called Strike
2-1: Foul Ball, location: 2F
2-2: Foul Ball, location: 2F
2-2: SINGLE (Groundball, 4S, EV 72.5 MPH) (infield hit)
Alex Vargas to third
Ricky Alonzo to second
Batting: LHB Danny Schaffer 0-0: DOUBLE (Flyball, 8LD, EV 96.2 MPH)
Alex Vargas scores
Ricky Alonzo scores
Francisco Ortiz to third
Runner from 3rd tries for Home, SAFE, throw by CF to trailing runner, SAFE at third!
Pitching: RHP John Morgan
Batting: RHB Dylan Ventour 0-0: Fly out, F7 (Flyball, 7D, EV 90.0 MPH)
Bottom of the 4th over - 3 runs, 3 hits, 0 errors, 1 left on base; Mississippi 0 - Jackson 5
TOP OF THE 5TH
Mississippi Braves batting - Pitching for Jackson Generals : RHP Alex Martinez
Batting: LHB Danny Amaya 0-0: Foul Ball, location: 2F
0-1: Ground out 5-3 (Groundball, 56S, EV 79.4 MPH)
Batting: RHB Heath Hacker 0-0: Ground out 6-3 (Groundball, 6M, EV 99.4 MPH)
Batting: RHB Mark Zoss 0-0: Called Strike
0-1: Foul Ball, location: 2F
0-2: Fly out, F8 (Line Drive, 8LD, EV 97.5 MPH)
Top of the 5th over - 0 runs, 0 hits, 0 errors, 0 left on base; Mississippi 0 - Jackson 5
BOTTOM OF THE 5TH
Jackson Generals batting - Pitching for Mississippi Braves : RHP John Morgan
Batting: LHB Jason Judy 0-0: Called Strike
0-1: Ball
1-1: Swinging Strike
1-2: Foul Ball, location: 2F
1-2: Foul Ball, location: 2F
1-2: Ground out 4-3 (Groundball, 4, EV 85.6 MPH)
Batting: LHB Alberto Ramirez 0-0: Ball
1-0: Ball
2-0: Ball
3-0: Called Strike
3-1: SINGLE (Groundball, 56D, EV 110.6 MPH)
Batting: RHB Kyle Cooper 0-0: Fielders Choice at 2nd, 6-4 (Groundball, 6, EV 85.0 MPH)
Batting: LHB Will Andrews 0-0: Called Strike
0-1: Ball
1-1: Ball
2-1: Ground out 4-3 (Groundball, 34, EV 91.9 MPH)
Bottom of the 5th over - 0 runs, 1 hit, 0 errors, 1 left on base; Mississippi 0 - Jackson 5
TOP OF THE 6TH
Mississippi Braves batting - Pitching for Jackson Generals : RHP Alex Martinez
Batting: RHB Santos Cervantes 0-0: DOUBLE (Line Drive, 5D, EV 98.8 MPH)
Batting: RHB Jose Romero 0-0: Swinging Strike
0-1: Ball
1-1: Swinging Strike
1-2: Foul Ball, location: 2F
1-2: Fly out, F8 (Line Drive, 8RS, EV 92.5 MPH)
Batting: LHB Matt Rogacki 0-0: Foul Ball, location: 2F
0-1: Ball
1-1: Called Strike
1-2: Foul Ball, location: 2F
1-2: Ball
Wild Pitch!
Santos Cervantes to third
2-2: Foul Ball, location: 2F
2-2: SINGLE (Groundball, 56S, EV 63.8 MPH) (infield hit)
Santos Cervantes scores
Batting: RHB Andres Nuno 0-0: Fly out, F9 (Flyball, 89M, EV 85.6 MPH)
Batting: LHB Jose Yanez Pickoff Throw to First - Out! 1-3 CS
Top of the 6th over - 1 run, 2 hits, 0 errors, 0 left on base; Mississippi 1 - Jackson 5
BOTTOM OF THE 6TH
Jackson Generals batting - Pitching for Mississippi Braves : RHP John Morgan
Batting: SHB Alex Vargas 0-0: Foul Ball, location: 2F
0-1: Ball
1-1: Ball
2-1: Ball
3-1: Base on Balls
Batting: LHB Ricky Alonzo 0-0: Ball
1-0: Bunt missed!
1-1: Bunt missed!
1-2: Fielders Choice at 2nd, 6-4 (Groundball, 56, EV 91.2 MPH)
Batting: RHB Francisco Ortiz 0-0: Called Strike
0-1: Swinging Strike
0-2: Ground out 4-3 (Groundball, 4, EV 90.6 MPH)
Ricky Alonzo to second
Batting: LHB Danny Schaffer 0-0: Swinging Strike
0-1: Ball
1-1: Ball
2-1: Called Strike
2-2: Ball
3-2: Foul Ball, location: 2F
3-2: Foul Ball, location: 2F
3-2: Strikes out swinging
Bottom of the 6th over - 0 runs, 0 hits, 0 errors, 1 left on base; Mississippi 1 - Jackson 5
TOP OF THE 7TH
Mississippi Braves batting - Pitching for Jackson Generals : RHP Alex Martinez
Batting: LHB Jose Yanez 0-0: SINGLE (Groundball, 4D, EV 96.9 MPH)
Batting: RHB Ben Ketrow 0-0: Swinging Strike
0-1: Fly out, F9 (Line Drive, 9LD, EV 98.1 MPH)
Batting: LHB Danny Amaya 0-0: Grounds into double play, 6-4-3 (Groundball, 56, EV 101.9 MPH)
Top of the 7th over - 0 runs, 1 hit, 0 errors, 0 left on base; Mississippi 1 - Jackson 5
BOTTOM OF THE 7TH
Jackson Generals batting - Pitching for Mississippi Braves : RHP John Morgan
Pitching: RHP Mike Benson
Batting: RHB Dylan Ventour 0-0: Ball
1-0: Ball
2-0: Ball
3-0: Base on Balls
Batting: LHB Jason Judy 0-0: Ball
1-0: Ball
2-0: Called Strike
2-1: Ball
Dylan Ventour is caught stealing 2nd base 2-6
3-1: Foul Ball, location: 2F
3-2: Strikes out swinging
Batting: LHB Alberto Ramirez 0-0: Fly out, F7 (Flyball, 7, EV 86.2 MPH)
Bottom of the 7th over - 0 runs, 0 hits, 0 errors, 0 left on base; Mississippi 1 - Jackson 5
TOP OF THE 8TH
Mississippi Braves batting - Pitching for Jackson Generals : RHP Alex Martinez
Batting: RHB Heath Hacker 0-0: Ball
1-0: Ball
2-0: Called Strike
2-1: Foul Ball, location: 2F
2-2: Foul Ball, location: 2F
2-2: Foul Ball, location: 2F
2-2: Ball
3-2: Strikes out swinging
Pitching: RHP Shane Ratcliffe
Batting: RHB Mark Zoss 0-0: Ground out 5-3 (Groundball, 56, EV 83.1 MPH)
Batting: RHB Santos Cervantes 0-0: Foul Ball, location: 2F
0-1: Ball
1-1: Ball
2-1: Ball
3-1: Foul Ball, location: 2F
3-2: Base on Balls
Batting: RHB Jose Romero 0-0: Called Strike
0-1: Ball
1-1: Ball
2-1: Foul Ball, location: 2F
2-2: SINGLE (Groundball, 6S, EV 66.9 MPH) (infield hit)
Santos Cervantes to second
Batting: LHB Matt Rogacki 0-0: Swinging Strike
0-1: Foul Ball, location: 2F
0-2: Ball
1-2: Ball
2-2: SINGLE (Groundball, 34D, EV 106.2 MPH)
Santos Cervantes to third
Jose Romero to second
Batting: RHB Andres Nuno 0-0: Swinging Strike
0-1: Foul Ball, location: 2F
0-2: Strikes out looking
Top of the 8th over - 0 runs, 2 hits, 0 errors, 3 left on base; Mississippi 1 - Jackson 5
BOTTOM OF THE 8TH
Jackson Generals batting - Pitching for Mississippi Braves : RHP Mike Benson
Batting: RHB Kyle Cooper 0-0: Ball
1-0: Called Strike
1-1: Ball
2-1: Foul Ball, location: 2F
2-2: SINGLE (Groundball, 56D, EV 93.8 MPH)
Batting: LHB Will Andrews 0-0: Ball
1-0: Ball
2-0: DOUBLE (Flyball, 8RXD, EV 102.5 MPH)
Kyle Cooper to third
Batting: SHB Alex Vargas 0-0: 3-RUN HOME RUN (Flyball, 89XD, EV 110.6 MPH), Distance : 430 ft
Pitching: RHP Gary Powell
Batting: LHB Ricky Alonzo 0-0: Called Strike
0-1: SINGLE (Line Drive, 3D, EV 96.2 MPH)
Batting: RHB Francisco Ortiz 0-0: Fielders Choice at 2nd, 1-4 (Groundball, 15S, EV 62.5 MPH)
Batting: LHB Danny Schaffer 0-0: Called Strike
0-1: Ball
1-1: Ball
2-1: SINGLE (Groundball, 6D, EV 96.2 MPH)
Francisco Ortiz to second
Batting: RHB Dylan Ventour 0-0: Foul Ball, location: 2F
0-1: Ball
1-1: Ball
2-1: Ball
3-1: Ground out 6-3 (Groundball, 6MS, EV 72.5 MPH)
Francisco Ortiz to third
Danny Schaffer to second
Batting: LHB Jason Judy 0-0: Swinging Strike
0-1: Ball
1-1: Called Strike
1-2: Foul Ball, location: 2F
1-2: Foul Ball, location: 2F
1-2: Ball
2-2: Ball
3-2: Foul Ball, location: 2F
3-2: Base on Balls
Batting: LHB Alberto Ramirez 0-0: Ball
1-0: Ball
2-0: Ball
3-0: Base on Balls
Francisco Ortiz scores
Danny Schaffer to third
Jason Judy to second
Batting: RHB Kyle Cooper 0-0: Ball
1-0: Called Strike
1-1: Swinging Strike
1-2: Foul Ball, location: 2F
1-2: Ground out 4-3 (Groundball, 4, EV 81.2 MPH)
Bottom of the 8th over - 4 runs, 5 hits, 0 errors, 3 left on base; Mississippi 1 - Jackson 9
TOP OF THE 9TH
Mississippi Braves batting - Pitching for Jackson Generals : RHP Shane Ratcliffe
Batting: LHB Jose Yanez 0-0: Ball
1-0: Foul Ball, location: 2F
1-1: Ball
2-1: Foul Ball, location: 2F
2-2: Reached on error, E8 (Flyball, 78M, EV 85.6 MPH)
Batting: RHB Ben Ketrow 0-0: Ball
1-0: Ball
Wild Pitch!
Jose Yanez to second
2-0: Ball
3-0: Base on Balls
Batting: LHB Danny Amaya 0-0: Ball
1-0: Called Strike
1-1: Foul Ball, location: 2F
1-2: Fly out, F7 (Flyball, 7, EV 91.2 MPH)
Pinch Hitting: LHB Sal Jimenez 0-0: Ball
1-0: Ball
2-0: Ball
3-0: Base on Balls
Jose Yanez to third
Ben Ketrow to second
Batting: RHB Mark Zoss 0-0: SINGLE (Line Drive, 89S, EV 108.1 MPH)
Jose Yanez scores
Ben Ketrow to third
Sal Jimenez to second
Batting: RHB Santos Cervantes 0-0: Ball
1-0: Ball
2-0: Swinging Strike
2-1: Foul Ball, location: 2F
2-2: Ball
3-2: Strikes out looking
Pinch Hitting: LHB A.J. Montez 0-0: Ball
1-0: Ball
2-0: Foul Ball, location: 2F
2-1: Foul Ball, location: 2F
2-2: Ball
3-2: Strikes out swinging
Top of the 9th over - 1 run, 1 hit, 1 error, 3 left on base; Mississippi 2 - Jackson 9
Saturday, July 30th , 2022 - OOTP Baseball 23.5 Build 73